 Dungeon Crawl Stone Soup version 0.20-a0-960-ge493e74 (webtiles) character file.

110 MrRokkomies the Bolt Thrower (level 5, -1/33 HPs)
             Began as a Kobold Hunter on Apr 7, 2017.
             Slain by an ogre
             ... wielding a +0 giant club
              (20 damage)
             ... on level 4 of the Dungeon.
             The game lasted 00:04:57 (3234 turns).

MrRokkomies the Bolt Thrower (Kobold Hunter)        Turns: 3234, Time: 00:04:58

Health: -1/33      AC: 15    Str: 11    XL:     5   Next: 14%
Magic:  5/5        EV: 11    Int: 12    God:
Gold:   82         SH:  0    Dex: 15    Spells: 4/4 levels left

rFire    . . .     SeeInvis .   b - +0 dagger (protect)
rCold    . . .     Gourm    .   (shield restricted)
rNeg     . . .     Faith    .   i - +0 scale mail
rPois    +         Spirit   .   (no helmet)
rElec    .         Reflect  .   m - +0 cloak
rCorr    .         Harm     .   c - +0 pair of gloves
MR       .....                  (no boots)
Stlth    ..........             (no amulet)
Regen    0.2/turn               q - ring of poison resistance
MPRegen  0.1/turn               (no ring)

@: protection aura
A: carnivore 3
a: no special abilities


You were on level 4 of the Dungeon.
You were hungry.

You visited 1 branch of the dungeon, and saw 4 of its levels.

You collected 82 gold pieces.

Inventory:

Hand Weapons
 a - a +2 hand crossbow
 b - a +0 dagger of protection (weapon)
Missiles
 d - 37 bolts
 g - a throwing net (quivered)
Armour
 c - a +0 pair of gloves (worn)
 i - a +0 scale mail (worn)
 m - a +0 cloak (worn)
Jewellery
 q - a ring of poison resistance (left hand)
Wands
 o - a wand of acid (6/15)
Scrolls
 e - a scroll of recharging
 n - a scroll of fear {unknown}
 r - a scroll of magic mapping {unknown}
 t - a scroll of enchant weapon
Potions
 h - 2 potions of curing
 j - a potion of might
 l - a potion of berserk rage
 p - a potion of cancellation
 s - a potion of resistance
 u - a potion of flight {unknown}
Comestibles
 f - a meat ration
 k - a royal jelly


   Skills:
 * Level 4.1 Fighting
 * Level 6.1 Crossbows
 - Level 2.4 Dodging
 - Level 1.3 Stealth


You had 4 spell levels left.
You didn't know any spells.

Dungeon Overview and Level Annotations

Branches:
Dungeon (4/15)
 Temple: D:4-7

Altars:
Vehumet


Innate Abilities, Weirdness & Mutations

You are small and have problems with some larger weapons.
You are carnivorous and can eat meat at any time.


Message History

The ogre struggles against the net.
The ogre struggles against the net.
You hit the ogre but do no damage.
Your weapon exudes an aura of protection.
The ogre is moderately wounded.
The ogre struggles against the net. x2
Your scale mail prevents you from hitting the ogre.
The ogre is moderately wounded.
You hit the ogre.
The ogre is moderately wounded.
The ogre struggles against the net.
You hit the ogre.
The ogre is heavily wounded.
The ogre struggles against the net.
The net rips apart, and the ogre comes free!
You hit the ogre.
The ogre is heavily wounded.
The ogre hits you with a giant club!!
Ouch! That really hurt!
You die...

## ##.# ############
##...##..........
#.....O@..#(..... #
##...##.#...#.###.###
##.# #.##....(.....
..(. #.###.#.###.#
... (...###.......#
#..## #.............#
#.. #..##...>...##..>
#. .. #......<#
#.......#


You could see an ogre.

Vanquished Creatures
  5 adders
  2 oozes
  2 worms
  3 dart slugs (D:1)
  2 leopard geckos (D:1)
  2 ball pythons
  A giant cockroach (D:2)
  3 hobgoblins
  8 kobolds
  A quokka (D:2)
  5 bats
  7 goblins
  8 rats
49 creatures vanquished.

Notes
Turn   | Place    | Note
-------+----------+-------------------------------------------
     0 | D:1      | MrRokkomies the Kobold Hunter began the quest for the Orb.
     0 | D:1      | Reached XP level 1. HP: 12/12 MP: 1/1
   372 | D:1      | Reached skill level 5 in Crossbows
   381 | D:1      | Reached XP level 2. HP: 10/18 MP: 2/2
   723 | D:1      | Reached XP level 3. HP: 22/22 MP: 3/3
  1531 | D:2      | Reached XP level 4. HP: 17/28 MP: 4/4
  2010 | D:2      | Reached skill level 6 in Crossbows
  2713 | D:3      | Reached XP level 5. HP: 31/33 MP: 5/5
  2735 | D:3      | Found a radiant altar of Vehumet.
  3211 | D:4      | Noticed an ogre
  3234 | D:4      | Slain by an ogre

Vault maps used:
D:1:      onia_arrival_handbag, st_stairs_9
D:3:      fiery_altar_vehumet, serial_forest, infiniplex_forest_straight_5,
          infiniplex_forest_join, infiniplex_forest_clump_double,
          infiniplex_forest_diagonal, infiniplex_forest_clump_medium,
          infiniplex_forest_lined_ring
D:4:      first_bread, bloody_makhleb

Skill      XL: |  1  2  3  4 |
---------------+-------------+-----
Crossbows      | 5 6 |  6.1
Fighting       | 3 4 |  4.1
Dodging        | |  2.4
Stealth        | |  1.3

Action                   |  1- 3 |  4- 6 || total
-------------------------+-------+-------++-------
Melee: Short sword       |    75 |       ||    75
       Dagger            |    18 |   234 ||   252
Throw: Throwing net      |       |     1 ||     1
  Use: Scroll            |     6 |     4 ||    10
 Stab: Sleeping          |     5 |       ||     5
  Eat: Chunk             |     1 |     6 ||     7
Armor: Leather armour    |    16 |     4 ||    20
       Scale mail        |       |   110 ||   110
Dodge: Dodged            |    51 |   131 ||   182
